Map: [ESL] Solaris

Players

ONSYDESolar (Solar)

  • Race: Zerg Zerg
  • League: Master
  • Spawn Location: 1:00

DKZherO (herO) - Winner!

  • Race: Protoss Protoss
  • League: Grandmaster
  • Spawn Location: 7:00

VOD

Have the link to the VOD?

Description

Time

  • Played on: Dec. 29, 2023, 6:28 a.m.
  • Length: 9:53
Show
View Real Time Build Order
Export as new Build Order

ONSYDESolar Zerg 

Build Orders: Hatch First 

Get SALT Encoding   

  12  0:00  Drone  
  13  0:12  Overlord  
  13  0:16  Drone  
  14  0:40  Drone  
  14  0:42  Drone  
  16  0:49  Hatchery  
  15  0:52  Drone  
  16  0:57  Drone  
  16  1:02  Drone  
  18  1:11  Extractor  
  18  1:16  Spawning Pool  
  16  1:19  Drone  
  16  1:24  Drone  
  18  1:34  Drone  
  19  1:45  Drone  
  20  1:58  Overlord  
  21  2:01  Drone  
  21  2:03  Queen x2  
  21  2:07  Drone  
  26  2:12  Drone  
  27  2:17  Metabolic Boost  
  27  2:18  Drone  
  28  2:23  Drone  
  28  2:28  Drone  
  30  2:34  Hatchery  
  30  2:36  Drone  
  30  2:43  Queen  
  32  2:47  Overlord  
  32  2:50  Drone  
  33  2:52  Drone  
  33  2:55  Drone  
  35  2:59  Drone  
  35  3:04  Queen  
  38  3:06  Drone  
  38  3:11  Drone  
  40  3:13  Drone x2  
  40  3:14  Overlord  
  40  3:16  Zergling x2  
  43  3:27  Zergling x2  
  43  3:29  Overlord  
  43  3:31  Queen  
  46  3:36  Zergling x2  
  46  3:38  Overlord  
  47  3:42  Spore Crawler  
  47  3:46  Queen  
  47  3:47  Queen  
  50  3:48  Drone  
  50  3:49  Drone x3  
  50  3:55  Zergling x8  
  58  4:02  Drone x2  
  59  4:06  Overlord  
  59  4:08  Spore Crawler  
  59  4:09  Drone x2  
  60  4:14  Drone  
  60  4:16  Drone x2  
  63  4:19  Drone x2  
  63  4:20  Evolution Chamber  
  63  4:22  Drone  
  63  4:23  Overlord  
  65  4:26  Drone x2  
  65  4:29  Zergling x4  
  69  4:33  Zergling x2  
  70  4:41  Drone x2  
  70  4:45  Drone x4  
  73  4:48  Drone x3  
  73  4:49  Zerg Melee Weapons Level 1  
  76  4:53  Zergling x4  
  76  4:54  Drone  
  76  4:57  Spore Crawler  
  76  4:58  Overlord  
  78  5:02  Drone x3  
  78  5:04  Zergling x2  
  82  5:09  Extractor  
  82  5:13  Zergling x4  
  80  5:16  Zergling x2  
  80  5:18  Zergling x4  
  83  5:25  Zergling x12  
  83  5:27  Overlord  
  89  5:29  Lair  
  89  5:31  Hatchery  
  89  5:35  Roach Warren, Drone x4, Extractor  
  84  5:36  Extractor  
  84  5:38  Drone  
  81  5:48  Zergling x6  
  78  5:56  Drone x4  
  77  5:59  Drone x4  
  81  6:07  Drone  
  81  6:09  Drone  
  81  6:10  Drone  
  84  6:18  Zergling x2  
  85  6:20  Zergling x2  
  84  6:26  Zergling x2  
  84  6:29  Zergling x2  
  79  6:33  Zergling x10  
  77  6:40  Zergling x14  
  77  6:43  Drone, Glial Reconstitution  
  77  6:46  Drone x2  
  87  6:53  Drone x2  
  89  6:55  Drone  
  89  6:56  Drone  
  90  7:02  Drone  
  90  7:05  Drone x2  
  90  7:08  Drone  
  90  7:13  Drone x4  
  94  7:16  Zerg Melee Weapons Level 2  
  94  7:18  Roach x2  
  94  7:19  Extractor, Roach x4  
  101  7:25  Roach  
  101  7:27  Overlord  
  101  7:29  Overlord x2  
  103  7:32  Zergling x2  
  103  7:37  Zergling x2  
  102  7:45  Zergling x2  
  102  7:46  Zergling x12  
  102  7:49  Zergling x8  
  110  7:52  Roach x3  
  110  7:57  Overlord  
  113  7:58  Overlord  
  111  8:10  Drone x2, Roach  
  111  8:11  Overlord  
  112  8:13  Infestation Pit  
  112  8:17  Baneling Nest  
  112  8:19  Drone x13  
  123  8:25  Roach  
  123  8:26  Overseer, Ravager  
  126  8:28  Roach  
  126  8:31  Overlord x2  
  126  8:32  Zergling x10  
  132  8:37  Drone x2  
  132  8:39  Overlord  
  132  8:40  Overlord  
  134  8:43  Overlord  
  134  8:47  Drone  
  131  8:50  Ravager  
  131  8:54  Zergling x6  
  134  8:59  Zergling x10  
  134  9:02  Drone x2  
  137  9:03  Drone x5  
  137  9:04  Overlord  
  137  9:05  Zergling x2  
  137  9:06  Zergling x4  
  145  9:12  Roach x2  
  145  9:15  Overlord  
  149  9:17  Zergling x2  
  149  9:21  Hatchery  
  149  9:23  Zergling x4  
  151  9:28  Zergling x2  
  151  9:29  Zergling x6  
  155  9:32  Zergling x16  
Show
View Real Time Build Order
Export as new Build Order

DKZherO Protoss - Winner!

Build Orders: 1 Gate Expand, Oracle Opening 

Get SALT Encoding   

  12  0:00  Probe  
  13  0:12  Probe  
  14  0:17  Pylon  
  14  0:24  Probe (Chrono Boost)  
  15  0:28  Assimilator  
  15  0:36  Probe (Chrono Boost)  
  16  0:44  Probe (Chrono Boost)  
  16  0:46  Gateway  
  17  0:50  Probe  
  18  1:03  Probe  
  19  1:15  Probe  
  20  1:23  Nexus  
  20  1:34  Cybernetics Core  
  20  1:36  Probe  
  21  1:41  Assimilator  
  21  1:48  Probe  
  21  1:52  Pylon  
  22  2:00  Probe  
  23  2:07  Stalker (Chrono Boost)  
  23  2:12  Stargate  
  23  2:14  Probe  
  26  2:18  Warp Gate  
  26  2:27  Probe (Chrono Boost)  
  27  2:30  Adept  
  27  2:36  Probe (Chrono Boost)  
  30  2:39  Probe (Chrono Boost)  
  32  2:45  Probe (Chrono Boost)  
  32  2:46  Probe (Chrono Boost)  
  32  2:50  Probe (Chrono Boost)  
  33  2:53  Probe  
  33  2:55  Oracle (Chrono Boost)  
  38  3:00  Adept  
  38  3:02  Probe  
  41  3:06  Probe  
  41  3:07  Pylon  
  42  3:14  Gateway  
  42  3:19  Probe  
  44  3:20  Probe  
  44  3:24  Oracle (Chrono Boost)  
  47  3:30  Adept  
  47  3:32  Probe x2  
  51  3:45  Pylon  
  51  3:52  Nexus  
  51  3:53  Probe  
  52  3:56  Probe  
  53  4:03  Oracle (Chrono Boost)  
  53  4:09  Adept x2  
  60  4:12  Pylon  
  60  4:14  Probe x2  
  62  4:17  Assimilator  
  62  4:26  Twilight Council  
  62  4:28  Assimilator  
  62  4:30  Probe x2  
  64  4:36  Adept  
  64  4:37  Adept  
  68  4:44  Probe  
  68  4:45  Probe  
  70  4:48  Pylon  
  70  4:58  Forge  
  70  4:59  Blink (Chrono Boost)  
  70  5:04  Adept x2, Probe x2 (Chrono Boost)  
  70  5:05  Probe (Chrono Boost)  
  77  5:12  Gateway  
  80  5:15  Probe x3 (Chrono Boost)  
  80  5:20  Probe x3 (Chrono Boost)  
  80  5:23  Robotics Facility  
  83  5:30  Probe x2  
  83  5:31  Probe, Pylon  
  83  5:34  Adept x2  
  85  5:43  Probe x3  
  86  5:55  Stalker x2, Probe  
  91  5:58  Gateway  
  91  5:59  Gateway  
  91  6:01  Gateway  
  91  6:02  Protoss Ground Weapons Level 1 (Chrono Boost)  
  91  6:03  Probe x2  
  93  6:06  Assimilator  
  93  6:07  Probe  
  93  6:09  Pylon  
  94  6:12  Assimilator  
  94  6:16  Pylon  
  94  6:19  Forge  
  94  6:25  Warp Prism (Chrono Boost)  
  94  6:27  Stalker x2  
  94  6:28  Stalker  
  94  6:29  Probe  
  94  6:30  Probe  
  94  6:31  Probe  
  99  6:44  Robotics Bay, Probe  
  98  6:47  Robotics Facility  
  98  6:52  Pylon  
  97  6:54  Stalker x3  
  97  6:55  Photon Cannon  
  97  6:57  Observer, Pylon  
  103  7:06  Stalker  
  105  7:13  Protoss Ground Armor Level 1 (Chrono Boost)  
  102  7:26  Stalker x3  
  102  7:27  Stalker x2  
  102  7:29  Stalker  
  114  7:34  Colossus (Chrono Boost)  
  114  7:37  Colossus (Chrono Boost)  
  120  7:59  Stalker x5  
  120  8:03  Pylon  
  128  8:09  Nexus  
  128  8:11  Photon Cannon  
  128  8:12  Probe x3  
  121  8:13  Shield Battery  
  121  8:17  Colossus (Chrono Boost)  
  121  8:26  Photon Cannon  
  131  8:27  Zealot  
  131  8:28  Pylon, Immortal (Chrono Boost)  
  133  8:34  Stalker  
  133  8:35  Shield Battery  
  133  8:36  Probe  
  133  8:37  Probe x2  
  138  8:47  Stalker x4  
  146  8:50  Pylon  
  146  8:52  Probe x2  
  148  9:11  Pylon  
  148  9:14  Pylon  
  148  9:27  Stalker x6  
  160  9:32  Gateway  
  160  9:33  Gateway  
  160  9:34  Gateway  
Tags
 
Add a new tag
Caveats
  • Supply blocks, unpowered buildings, or Contaminate may cause inaccurate times.
  • Supply counts are checked every 10 seconds.